 Dungeon Crawl Stone Soup version 0.25-a0-108-gda8bd6cf83 (console) character file.

Game seed: 11657693784322921846, levelgen mode: deterministic

11 Kagalorn the Caller (level 2, -1/20 HPs)
             Began as a Gnoll Summoner on Nov 18, 2019.
             Slain by a jackal (2 damage)
             ... on level 1 of the Dungeon.
             The game lasted 00:03:11 (218 turns).

Kagalorn the Caller (Gnoll Summoner)                 Turns: 218, Time: 00:03:11

Health: -1/20      AC:  2    Str: 10    XL:     2   Next: 25%
Magic:  5/7        EV: 14    Int: 17    God:
Gold:   26         SH:  0    Dex: 15    Spells: 9/10 levels left

rFire    . . .     SeeInvis .   (no weapon)
rCold    . . .     Gourm    .   (no shield)
rNeg     . . .     Faith    .   a - +0 robe
rPois    .         Spirit   .   (no helmet)
rElec    .         Reflect  .   (no cloak)
rCorr    .         Harm     .   (no gloves)
MR       .....                  (no boots)
Stlth    +++.......             (no amulet)
HPRegen  0.06/turn              (no ring)
MPRegen  0.10/turn              (no ring)

@: no status effects
A: distributed training, fangs 1, strong nose
a: no special abilities


You were on level 1 of the Dungeon.
You were not hungry.

You visited 1 branch of the dungeon, and saw 1 of its levels.

You collected 26 gold pieces.

Inventory:

Missiles
 d - 7 poisoned darts (quivered)
 e - 41 stones
Armour
 a - a +0 robe (worn)
Scrolls
 b - a scroll of random uselessness {unknown}
Comestibles
 c - a ration


   Skills:
 + Level 0.3 Fighting
 + Level 0.3 Short Blades
 + Level 0.3 Long Blades
 + Level 0.3 Axes
 + Level 0.3 Maces & Flails
 + Level 0.3 Polearms
 + Level 0.3 Staves
 + Level 0.3 Slings
 + Level 0.3 Bows
 + Level 0.3 Crossbows
 + Level 0.3 Throwing
 + Level 0.3 Armour
 + Level 4.4 Dodging
 + Level 4.0 Stealth
 + Level 0.3 Shields
 + Level 0.3 Unarmed Combat
 + Level 4.9 Spellcasting
 + Level 0.2 Conjurations
 + Level 0.2 Hexes
 + Level 0.2 Charms
 + Level 7.0 Summonings
 + Level 0.2 Necromancy
 + Level 0.2 Translocations
 + Level 0.2 Transmutations
 + Level 0.2 Fire Magic
 + Level 0.2 Ice Magic
 + Level 0.2 Air Magic
 + Level 0.2 Earth Magic
 + Level 0.2 Poison Magic
 + Level 0.4 Invocations
 + Level 0.3 Evocations


You had 9 spell levels left.
You knew the following spells:

 Your Spells              Type           Power        Failure   Level  Hunger
a - Summon Small Mammal   Summ           ####         1%          1    None

Your spell library contained the following spells:

 Spells                   Type           Power        Failure   Level  Hunger
 Call Imp                 Summ           ####....     1%          2    #......
 Call Canine Familiar     Summ           ####....     2%          3    ###....
 Summon Guardian Golem    Hex/Summ       ###.....     10%         3    ###....
 Summon Ice Beast         Ice/Summ       ###.....     32%         4    ####...
 Summon Lightning Spire   Summ/Air       ###.....     32%         4    ####...


Dungeon Overview and Level Annotations

Branches:
Dungeon (1/15)

Altars:


Innate Abilities, Weirdness & Mutations

Your experience applies equally to all skills.
You have very sharp teeth.
Your uncanny sense of smell can sniff out nearby items.


Message History

Your quokka disappears in a puff of smoke!
The jackal bites you.
* * * LOW HITPOINT WARNING * * *
The jackal misses you.
Your rat barely misses the jackal.
The jackal closely misses you. The jackal barely misses you.
The jackal closely misses you. The jackal bites you.
* * * LOW HITPOINT WARNING * * *
The jackal bites your rat but does no damage.
The jackal bites you but does no damage.
Your rat bites the jackal.
The jackal bites your rat.
Your rat dies!
Your rat's corpse disappears in a puff of smoke!
You see here a jackal corpse.
Casting: Summon Small Mammal (safe; 1% risk of failure)
Confirm with . or Enter, or press ? or * to list all spells.
The jackal closely misses you.
The jackal bites you but does no damage.
The jackal bites you.
You die...

##.#.#..# #.#....#
#.#....# #.#...##
#############††...#
#.............#...#
#####.......#####.#...#
#.......h...# #.#...#
#......@h...# #.#..>#
#...........# #.#.###
#........r..# #.#.#
#....###...## #.#.#
#.... #...# #.#.# #...
#...# #.#.# #### #####
#.#†# #.#.# ###.#.#


You could see 2 jackals and a friendly quokka.

Vanquished Creatures
  A ball python (D:1)
  A hobgoblin (D:1)
  A jackal (D:1)
  2 rats (D:1)
5 creatures vanquished.

Vanquished Creatures (collateral kills)
  A goblin (D:1)
  6 jackals (D:1)
  2 bats (D:1)
9 creatures vanquished.

Grand Total: 14 creatures vanquished

Notes
Turn   | Place    | Note
-------+----------+-------------------------------------------
     0 | D:1      | Kagalorn the Gnoll Summoner began the quest for the Orb.
     0 | D:1      | Reached XP level 1. HP: 13/13 MP: 6/6
   153 | D:1      | Reached XP level 2. HP: 11/19 MP: 7/7
   216 | D:1      | HP: 1/20 [jackal (1)]
   218 | D:1      | Slain by a jackal

Levels and vault maps discovered:
D:1:      lightli_arrival_lavapool, layout_basic, chequers_serial_rivers_micro_b

Action                   || total
-------------------------++-------
Melee: Unarmed           ||    37
 Cast: Summon Small Mamm ||    10
Armor: Robe              ||    16
Dodge: Dodged            ||    50

Table legend:
 A = Non-vault XP
 B = Vault XP
 C = Vault XP percentage of total XP
 D = Non-vault monster count
 E = Vault monster count
 F = Vault count percentage of total count
                 A         B        C        D         E       F
            +---------+---------+-------+---------+---------+-------
      Total |      16 |       0 |   0.0 |      14 |       0 |   0.0
            +---------+---------+-------+---------+---------+-------
        D:1 |      16 |       0 |   0.0 |      14 |       0 |   0.0
            +---------+---------+-------+---------+---------+-------
